Map: Кислотный завод РВ

Players

DrunkenSCV - Winner!

  • Race: Terran Terran
  • League: Master
  • Spawn Location: 5:00

llllllllllll

  • Race: Protoss Protoss
  • League: Master
  • Spawn Location: 11:00

VOD

Have the link to the VOD?

Description

Time

  • Played on: May 3, 2018, 2:59 a.m.
  • Length: 8:08
Show
View Real Time Build Order
Export as new Build Order

DrunkenSCV Terran - Winner!

Build Orders: MMM Bio 

Get SALT Encoding   

  12  0:01  SCV  
  13  0:13  SCV  
  14  0:17  Supply Depot  
  14  0:25  SCV  
  15  0:39  Barracks, SCV  
  16  0:44  Refinery  
  16  0:51  SCV  
  17  1:03  SCV  
  18  1:15  SCV  
  19  1:27  Orbital Command  
  19  1:30  Marine  
  20  1:41  Command Center  
  20  1:49  Marine  
  20  1:52  Supply Depot  
  21  1:55  SCV  
  22  2:07  SCV  
  23  2:09  Barracks Reactor  
  23  2:16  Factory  
  23  2:19  SCV  
  24  2:32  SCV  
  25  2:44  SCV  
  26  2:45  Marine x2  
  28  2:54  Refinery  
  28  2:55  Orbital Command  
  28  2:56  SCV  
  29  3:00  Widow Mine  
  29  3:01  Starport  
  29  3:03  Marine x2  
  33  3:08  SCV  
  34  3:20  SCV  
  34  3:24  SCV  
  36  3:27  Marine x2  
  36  3:29  Widow Mine  
  36  3:32  SCV  
  41  3:36  SCV  
  41  3:40  Supply Depot  
  42  3:41  Starport Tech Lab  
  42  3:44  SCV  
  42  3:46  Marine x2  
  45  3:48  Barracks, SCV  
  45  3:50  Factory Tech Lab  
  46  3:56  Supply Depot  
  46  4:01  SCV x2, Raven  
  50  4:03  Refinery x2  
  50  4:08  Marine  
  50  4:09  Marine  
  52  4:13  SCV x2  
  52  4:15  Barracks  
  54  4:19  Siege Tank  
  57  4:25  SCV x2  
  59  4:31  Supply Depot  
  59  4:34  Engineering Bay  
  59  4:36  Marine x2  
  59  4:37  SCV  
  62  4:45  Supply Depot  
  62  4:53  SCV x2  
  62  4:55  Marine  
  62  4:56  Marine  
  62  4:57  Starport Reactor  
  66  5:02  Factory Reactor  
  66  5:04  Stimpack  
  66  5:05  SCV x2, Marauder  
  70  5:08  Terran Infantry Weapons Level 1  
  70  5:15  Marine x2  
  70  5:16  Marauder  
  70  5:17  SCV  
  75  5:23  Supply Depot  
  75  5:24  SCV  
  75  5:25  Supply Depot  
  75  5:27  Combat Shields, Marauder  
  78  5:35  Supply Depot  
  78  5:44  SCV, Marine  
  78  5:45  Marauder, Medivac x2  
  78  5:47  Widow Mine  
  78  5:48  Widow Mine  
  90  5:51  Marauder  
  90  5:53  Supply Depot  
  92  5:59  Marine  
  92  6:02  Marine  
  94  6:12  Missile Turret  
  94  6:15  Command Center  
  94  6:30  SCV x2  
  96  6:33  Supply Depot  
  96  6:35  Medivac x2  
  96  6:37  Widow Mine  
  96  6:38  Barracks, Widow Mine  
  96  6:39  Marauder x2  
  108  6:40  Barracks  
  108  6:43  Marine  
  108  6:44  Marine  
  110  6:57  Supply Depot  
  109  7:14  Marauder x2, Marine x2  
  90  7:27  Orbital Command  
  90  7:28  SCV  
  90  7:29  SCV  
  93  7:31  Marine  
  93  7:33  Barracks Tech Lab  
  93  7:34  Barracks Reactor  
  93  7:35  Marauder  
  93  7:36  Marauder  
  97  7:41  SCV x2  
  87  7:53  SCV x2  
Show
View Real Time Build Order
Export as new Build Order

llllllllllll Protoss 

Build Orders: Zealot Archon, Dark Templar Rush 

Get SALT Encoding   

  12  0:00  Probe  
  13  0:12  Probe  
  14  0:18  Pylon  
  14  0:25  Probe  
  15  0:29  Assimilator  
  15  0:37  Probe  
  16  0:45  Probe, Gateway  
  17  0:53  Probe  
  17  1:03  Probe  
  19  1:15  Probe  
  20  1:22  Pylon  
  20  1:27  Probe, Assimilator  
  20  1:32  Cybernetics Core  
  21  1:49  Nexus  
  21  1:52  Probe  
  22  1:58  Stalker  
  22  1:59  Assimilator  
  22  2:04  Probe  
  23  2:10  Warp Gate  
  25  2:16  Probe  
  25  2:21  Pylon  
  26  2:29  Probe  
  27  2:32  Stalker  
  29  2:41  Probe  
  29  2:42  Shield Battery  
  30  2:52  Twilight Council  
  30  2:54  Probe  
  31  3:01  Probe  
  32  3:05  Stalker  
  32  3:07  Probe  
  32  3:10  Probe  
  35  3:15  Probe  
  35  3:19  Probe  
  37  3:23  Probe  
  38  3:27  Probe  
  40  3:34  Dark Shrine  
  40  3:37  Gateway  
  40  3:38  Probe  
  40  3:40  Probe  
  42  3:46  Gateway  
  42  3:50  Probe  
  42  3:52  Probe  
  44  4:02  Probe  
  45  4:03  Assimilator  
  45  4:04  Probe  
  45  4:05  Pylon  
  45  4:07  Assimilator  
  46  4:14  Probe  
  46  4:15  Sentry  
  46  4:16  Probe  
  50  4:18  Pylon  
  50  4:23  Pylon  
  50  4:25  Probe  
  50  4:27  Probe  
  52  4:33  Probe  
  52  4:35  Probe  
  53  4:41  Probe, Charge  
  55  4:46  Dark Templar x3  
  61  4:55  Pylon  
  61  5:03  Shield Battery  
  59  5:19  Gateway  
  59  5:20  Gateway  
  59  5:21  Gateway  
  59  5:22  Gateway  
  59  5:25  Gateway  
  59  5:27  Dark Templar  
  59  5:28  Dark Templar x2  
  65  5:33  Pylon  
  65  5:37  Archon, Pylon  
  65  5:42  Archon  
  65  5:49  Pylon  
  65  5:59  Dark Templar  
  65  6:00  Zealot, Dark Templar  
  65  6:04  Archon  
  71  6:29  Dark Templar x2  
  71  6:30  Zealot x2, Dark Templar  
  71  6:31  Zealot x3  
  87  6:35  Pylon  
  87  6:36  Archon, Pylon  
  87  6:37  Archon  
  87  6:39  Shield Battery  
  87  6:45  Pylon  
  87  6:48  Zealot x2  
  87  6:50  Zealot  
  87  6:51  Zealot x2  
  97  7:03  Zealot  
  97  7:04  Zealot x4  
  61  7:25  Dark Templar x4  
  61  7:26  Zealot x2  
  61  7:29  Archon x2  
  67  7:32  Zealot x2  
  51  7:53  Zealot x4  
  55  7:58  Dark Templar  
  55  7:59  Dark Templar x2  
  55  8:00  Dark Templar  
  55  8:03  Archon  
  55  8:04  Archon  
Tags
 
Add a new tag
Caveats
  • Supply blocks, unpowered buildings, or Contaminate may cause inaccurate times.
  • Supply counts are checked every 10 seconds.